 Dungeon Crawl Stone Soup version 0.30-a0-12-gd8047c6341 (webtiles) character file.

Game seed: 11987442533324758156

10808 nickcage the Carver (level 11, -1/94 HPs)
             Began as a Minotaur Gladiator on Aug 23, 2022.
             Was a Priest of the Shining One.
             Slain by a meliai simulacrum (20 damage)
             ... on level 10 of the Dungeon.
             The game lasted 00:32:07 (12017 turns).

nickcage the Carver (Minotaur Gladiator)           Turns: 12017, Time: 00:32:07

Health: -1/94      AC: 18    Str: 28    XL:     11   Next: 41%
Magic:  10/10      EV:  8    Int:  5    God:    the Shining One [***...]
Gold:   833        SH: 12    Dex: 13    Spells: 10/10 levels left

rFire   + . .      SeeInvis .    W - +5 long sword
rCold   . . .      Faith    .    y - +1 kite shield
rNeg    + . .      Spirit   .    o - +0 plate armour
rPois   .          Reflect  .    c - +0 hat
rElec   .          Harm     .    V - +1 cloak
rCorr   .          Rampage  .    (no gloves)
Will    .....                    p - +0 pair of boots
Stlth   ..........               n - amulet of regeneration
HPRegen 1.05/turn                m - +6 ring of strength
MPRegen 0.12/turn                w - ring of protection from fire

@: glowing
A: horns 2, retaliatory headbutt
a: Renounce Religion, Divine Shield, Cleansing Flame


You were on level 10 of the Dungeon.
You worshipped the Shining One.
The Shining One was most pleased with you.
You visited 2 branches of the dungeon, and saw 11 of its levels.
You also visited: Bailey.

You collected 857 gold pieces.
You spent 24 gold pieces at shops.

Inventory:

Hand Weapons
 a - a +1 long sword
 S - a +3 long sword
 W - a +5 long sword (weapon)
Missiles
 d - 3 throwing nets
 e - 7 javelins
 F - 23 poisoned darts (quivered)
Armour
 b - a +0 leather armour
 c - a +0 hat (worn)
 o - a +0 plate armour (worn)
 p - a +0 pair of boots (worn)
 r - a +0 cloak
 u - a +0 buckler
 y - a +1 kite shield (worn)
 G - a +2 buckler
 V - a +1 cloak (worn)
Jewellery
 m - a +6 ring of strength (left hand)
 n - an amulet of regeneration (around neck)
 w - a ring of protection from fire (right hand)
 B - a ring of positive energy
 C - an amulet of magic regeneration
 L - a ring of protection from fire
 M - a ring of magical power
 Q - an amulet of guardian spirit
 X - a ring of ice
Wands
 h - a wand of quicksilver (11)
 t - a wand of charming (10)
 x - a wand of roots (5)
 T - a wand of mindburst (3)
Scrolls
 i - 2 scrolls of enchant weapon
 j - a scroll of summoning
 k - 8 scrolls of teleportation
 l - 3 scrolls of torment
 q - a scroll of enchant armour
 I - 3 scrolls of fear
 K - 5 scrolls of identify
 N - a scroll of brand weapon {unknown}
 O - a scroll of amnesia {unknown}
 R - a scroll of immolation {unknown}
 U - a scroll of blinking
Potions
 f - 6 potions of heal wounds
 g - 2 potions of curing
 s - 4 potions of haste
 v - a potion of resistance
 z - 3 potions of attraction
 A - a potion of degeneration
 D - a potion of brilliance {unknown}
 E - a potion of invisibility {unknown}
 H - a potion of mutation {unknown}
 J - a potion of lignification {unknown}
 P - 3 potions of berserk rage {unknown}


   Skills:
 + Level 8.2 Fighting
 - Level 14.0 Long Blades
 - Level 2.0 Throwing
 + Level 9.6 Armour
 - Level 3.2 Dodging
 + Level 11.3 Shields


You had 10 spell levels left.
You didn't know any spells.
Your spell library contained the following spells:

 Spells                   Type           Power      Damage    Failure   Level
 Sting                    Tmut/Pois      0%         1d3       100%        1
 Poisonous Vapours        Pois/Air       0%         N/A       100%        2
 Gell's Gravitas          Tloc           0%         N/A       100%        3
 Teleport Other           Tloc           0%         N/A       100%        3
 Tukima's Dance           Hex            0%         N/A       100%        3
 Olgreb's Toxic Radiance  Pois           0%         N/A       100%        4
 Passage of Golubria      Tloc           0%         N/A       100%        4
 Yara's Violent Unravell  Hex/Tmut       0%         3d3       100%        5
 Dispersal                Tloc           0%         N/A       100%        6


Dungeon Overview and Level Annotations

Branches:
Dungeon (10/15)            Temple (1/1) D:6          Bailey (visited)
   Lair: D:8-11         Orc: D:9-12

Altars:
Cheibriados
Dithmenos
Elyvilon
Gozag
Hepliaklqana
Kikubaaqudgha
Nemelex Xobeh
Qazlal
Ru
Sif Muna
Uskayaw
Vehumet
Wu Jian
Zin
The Shining One

Shops:
D:2 *   D:4 (   D:6 ?   D:9 ?   D:10 *

Annotations:
D:7 3 runed translucent doors, xian's ghost, novice DrFE


Innate Abilities, Weirdness & Mutations

You have a pair of horns on your head.
You reflexively headbutt those who attack you in melee.


Message History

A yak comes into view.
You hit the yak but do no damage. You headbutt the yak!
The yak is moderately wounded.
You block the yak's attack. x2
You hit the yak.
The yak is heavily wounded.
You block the yak's attack. The yak barely misses you. You furiously retaliate!
You headbutt the yak! You slice the yak!!
You kill the yak!
A yak comes into view.
The white imp completely misses you. You furiously retaliate!
You headbutt the white imp! The yak attacks as you move away!
The yak barely misses you. The meliai simulacrum hits you.
The meliai simulacrum freezes you!!
You block the meliai simulacrum's attack.
The yak gores you!
A yak comes into view.
The white imp gestures at you. The puff of frost misses you.
The meliai simulacrum closely misses you.
The meliai simulacrum hits you but does no damage.
The meliai simulacrum barely misses you.
The meliai simulacrum closely misses you.
You enter the shallow water.
Moving in this stuff is going to be slow.
You block the meliai simulacrum's attack.
The meliai simulacrum hits you but does no damage.
You block the meliai simulacrum's attack.
The meliai simulacrum hits you but does no damage. x2
You block the meliai simulacrum's attack.
The meliai simulacrum attacks as you move away!
The meliai simulacrum hits you! The meliai simulacrum freezes you!
* * * LOW HITPOINT WARNING * * *
The meliai simulacrum hits you but does no damage.
The meliai simulacrum attacks as you move away!
The meliai simulacrum hits you!
* * * LOW HITPOINT WARNING * * *
The meliai simulacrum freezes you!!
You die...

Y...: #†..##~.## #.............
.YY.## ##Y...~.####...<.........
#.5...###.Y#5..~#.###.......####.
..Y........YY##≈.......##....# #.
(...#......#.##~..........##.# #.
........#.Y~†..........##.###.
....##.....Y..#........#......
.#.# ##...~~Z..........#...##. #.
.......~.@............###. .
.....~.~~..##.......##..##.
....~..~...##.....<.#......
#...~~.~.~.##.........#....
....~..~.~.....#......<....
...~.~~.............#.[##.
...~~≈~≈~..........##....
..~~~≈~~........###.....
........#.......


You could see 6 yaks and a meliai simulacrum.

Vanquished Creatures
  A two-headed ogre (D:9)
  Urug (D:8)
  A cyclops (D:9)
  An unseen horror (D:8)
  A troll (D:10)
  2 polar bears
  Prince Ribbit (D:5)
  Sigmund (D:3)
  A shadow (D:9)
  2 centaur simulacra (D:10)
  18 yaks
  An unseen horror simulacrum (D:10)
  4 steam dragons
  An acid dragon (D:9)
  A water moccasin (D:4)
  2 orc warriors
  2 sky beasts
  5 ice beasts
  A wolf (D:9)
  2 black bears
  2 ogres
  2 centaurs
  A phantom (D:6)
  3 necrophages
  3 kobold brigands
  A bullfrog (D:7)
  5 scorpions
  10 wights
  11 killer bees
  An electric eel (D:10)
  A howler monkey (D:6)
  A quasit (D:8)
  5 orc priests
  4 hounds
  2 jellies
  12 orc wizards
  3 iguanas
  6 adders
  9 gnolls
  3 shadow imps
  8 white imps
  3 ufetubi (D:8)
  4 dart slugs (D:3)
  47 orcs
  10 ball pythons
  4 endoplasms
  3 giant cockroaches
  8 goblins
  3 hobgoblins (D:3)
  3 jackals (D:5)
  4 quokkas
  5 bats
  3 frilled lizards
  19 kobolds
  6 rats
264 creatures vanquished.

Vanquished Creatures (others)
  3 demonic plants (D:8)
  3 fungi (D:9)
6 creatures vanquished.

Grand Total: 270 creatures vanquished

Notes
Turn   | Place    | Note
-------+----------+-------------------------------------------
     0 | D:1      | nickcage the Minotaur Gladiator began the quest for the
                  | Orb.
     0 | D:1      | Reached XP level 1. HP: 18/18 MP: 0/0
    78 | D:1      | Reached skill level 4 in Long Blades
   192 | D:1      | Reached XP level 2. HP: 25/25 MP: 1/1
   488 | D:2      | Found Qioma's Assorted Antiques.
   785 | D:3      | Reached skill level 5 in Long Blades
   852 | D:3      | Noticed Sigmund
   870 | D:3      | Reached XP level 3. HP: 27/30 MP: 2/2
   887 | D:3      | Killed Sigmund
   888 | D:3      | Reached skill level 7 in Long Blades
   888 | D:3      | Reached XP level 4. HP: 16/37 MP: 3/3
   888 | D:3      | Reached XP level 5. HP: 18/42 MP: 4/4
  1191 | D:3      | Found a faded altar of an unknown god.
  1590 | D:4      | Noticed a water moccasin
  1654 | D:4      | Noticed a black bear
  1664 | D:4      | Killed a black bear
  1665 | D:4      | Reached skill level 8 in Long Blades
  1665 | D:4      | Reached skill level 1 in Shields
  1665 | D:4      | Reached XP level 6. HP: 41/50 MP: 5/5
  1874 | D:4      | Reached skill level 1 in Armour
  1964 | D:4      | Killed a water moccasin
  1965 | D:4      | Reached skill level 9 in Long Blades
  1965 | D:4      | Reached XP level 7. HP: 11/57 MP: 6/6
  2718 | D:4      | Found Qoyhetod's Antique Weapon Emporium.
  3109 | D:5      | Entered Level 5 of the Dungeon
  3162 | D:5      | Noticed Prince Ribbit
  3183 | D:5      | Killed Prince Ribbit
  3184 | D:5      | Reached skill level 10 in Long Blades
  3393 | D:5      | Reached XP level 8. HP: 39/63 MP: 7/7
  4064 | D:5      | Identified a scroll of acquirement
  4064 | D:5      | Acquired 349 gold pieces
  4829 | D:6      | Reached skill level 11 in Long Blades
  4829 | D:6      | Reached skill level 5 in Shields
  5047 | D:6      | Reached XP level 9. HP: 72/72 MP: 8/8
  5058 | D:6      | Found Onaoxox's Magic Scroll Shoppe.
  5066 | D:6      | Reached skill level 5 in Armour
  5159 | D:6      | Bought a scroll of identify for 24 gold pieces
  5204 | D:6      | Found a staircase to the Ecumenical Temple.
  5213 | Temple   | Entered the Ecumenical Temple
  5227 | Temple   | Became a worshipper of the Shining One
  5699 | D:7      | Reached skill level 12 in Long Blades
  6062 | D:7      | Reached skill level 5 in Fighting
  6070 | D:7      | Found a flagged portal.
  6081 | Bailey   | Entered a bailey
  7074 | D:7      | Found a runed translucent gate.
  7075 | D:7      | Found a runed translucent gate.
  7075 | D:7      | Found a runed translucent gate.
  7076 | D:7      | Found an opulent altar of Gozag.
  7076 | D:7      | Noticed a kobold demonologist
  7077 | D:7      | Noticed xian's ghost (novice DrFE)
  7331 | D:7      | Reached skill level 13 in Long Blades
  7345 | D:7      | Reached XP level 10. HP: 50/81 MP: 9/9
  7737 | D:8      | Reached * piety under the Shining One
  8249 | D:8      | Identified the +3 ring mail of the Bells {*Slow Str+7}
  8758 | D:8      | Found a sacrificial altar of Ru.
  9132 | D:9      | Noticed a cyclops
  9178 | D:9      | Found Iwolon's Magic Scroll Shoppe.
  9199 | D:9      | Noticed a two-headed ogre
  9203 | D:9      | Killed a cyclops
  9220 | D:9      | Killed a two-headed ogre
  9224 | D:9      | Reached skill level 14 in Long Blades
  9740 | D:9      | Found a stormy altar of Qazlal.
  9884 | D:9      | Reached ** piety under the Shining One
 10019 | D:10     | Entered Level 10 of the Dungeon
 10202 | D:10     | Reached skill level 10 in Shields
 10666 | D:10     | Noticed Urug
 10673 | D:9      | Reached XP level 11. HP: 84/92 MP: 10/10
 10914 | D:8      | Killed Urug
 11739 | D:10     | Reached *** piety under the Shining One
 11822 | D:10     | Found Weskizof's Neck Hole.
 12017 | D:10     | Slain by a meliai simulacrum

Illustrated notes

Levels and vault maps discovered:
D:1:      scummos_arrival_simple_fountains, layout_rooms, minmay_pentomino_r4
D:2:      layout_rooms, serial_shops, shop
D:3:      layout_basic, ebering_ecumenical_altar_petrified,
          kennysheep_pointless_box, minmay_misc_feat_plants, uniq_sigmund
D:4:      layout_cave_pods, serial_shops, nicolae_lakefront_shop,
          grunt_ministairs_13
D:5:      layout_basic, uniq_prince_ribbit1
D:6:      layout_basic, minmay_temple_entry_purple_smoke,
          kennysheep_small_spiral, kennysheep_windowed_goal
D:7:      layout_loops_ring, enter_bailey_3, ebering_ghost_gozag,
          minmay_hedge_maze
D:8:      layout_layer_cave, nicolae_ru_awakened_eye, serial_demonic,
          serial_demonic_d, serial_demonic_g, serial_demonic_a, serial_demonic_a
D:9:      kennysheep_steamy, layout_cave_pools,
          mainiacjoe_overflow_six_doors_small, serial_shops, shop
D:10:     layout_cave_pools, serial_ice, serial_ice_o, serial_ice_b,
          serial_ice_k, serial_ice_m, serial_ice_f, serial_ice_e, serial_ice_g,
          serial_ice_n, nicolae_shop_sticking_my_neck_out, uniq_urug
Temple:   nicolae_temple_bog_church

Skill      XL: |  1  2  3  4  5  6  7  8  9 10 11 |
---------------+----------------------------------+-----
Long Blades    | 4 5 7 8 9 10 11 13 14 | 14.0
Shields        | 1 2 3 5 8 10 11 | 11.3
Fighting       | 3 4 5 7 8 |  8.2
Armour         | 1 3 4 6 8 9 |  9.6
Throwing       | |  2.0
Dodging        | |  3.2

Action                   |  1- 3 |  4- 6 |  7- 9 | 10-12 || total
-------------------------+-------+-------+-------+-------++-------
Melee: Long sword        |    70 |   106 |   393 |   337 ||   906
       Headbutt          |     7 |    15 |    73 |   100 ||   195
Throw: Dart              |       |     5 |    10 |     9 ||    24
  Use: Potion            |       |     3 |     4 |       ||     7
       Scroll            |       |       |    16 |       ||    16
 Stab: Sleeping          |     1 |       |       |       ||     1
Armor: Leather armour    |     7 |       |       |       ||     7
       Plate armour      |    31 |    64 |   187 |   188 ||   470
Dodge: Dodged            |    20 |    36 |   109 |   101 ||   266
Block: Buckler           |     4 |     9 |       |       ||    13
       Kite shield       |       |     7 |   205 |   254 ||   466

Table legend: (Time is in decaauts)
 A = Elapsed time spent in this place.
 B = Non-inter-level travel time spent in this place.
 C = Inter-level travel time spent in this place.
 D = Time resting spent in this place.
 E = Time spent auto-exploring this place.
 F = Levels seen in this place.
 G = Mean time per level.
                   A        B        C        D        E       F      G
               +--------+--------+--------+--------+--------+-----+--------+
         Total |  11993 |  11604 |    389 |   2118 |   7480 |  12 |  999.4 |
       Dungeon |  11908 |  11530 |    378 |   2118 |   7478 |  10 | 1190.8 |
        Temple |     25 |     14 |     11 |      0 |      2 |   1 |   25.0 |
        Bailey |     59 |     59 |      0 |      0 |      0 |   1 |   59.0 |
               +--------+--------+--------+--------+--------+-----+--------+

Top non-repeatable levels by time:
     D:9: 2021 daAuts
     D:7: 2016 daAuts
     D:4: 1837 daAuts
     D:8: 1816 daAuts
     D:6: 1112 daAuts
     D:5: 1093 daAuts
     D:3: 858 daAuts
     D:1: 463 daAuts
    D:10: 373 daAuts
     D:2: 317 daAuts
  Bailey: 59 daAuts
  Temple: 25 daAuts
